AoeStats
← Papa Gentil

African Clearing

506900686Analyzed
3v3 RM · 15d ago on Sep 15, 2026· 52m 10s· 6 players
Game mode
Random Map
Map size
Normal (6 player)
Population
200
Speed
Normal
Resources
Standard
Victory
Conquest
Starting age
Dark Age
Ending age
Imperial Age
RankedLock teamsTeams togetherTeam positionsShared explorationLock speedFull tech treeHidden civsTurbo modeCheats
Victory
Defeat
🇸🇪 Berbers · Sweden
1218
+15
🇸🇪 Mongols · Sweden
1184
+17
🇸🇪 Persians · Sweden
1172
+17
🇸🇪 Teutons · Sweden
1238
-18
🇸🇪 Huns · Sweden
1201
-16
🇸🇪 Malians · Sweden
1164
-15
Rullator
6:20 Loom
12:45 Feudal Age
14:07 Double-Bit Axe
18:31 Castle Age
19:47 Stone Mining
26:40 Gold Mining
29:42 Husbandry
31:12 Fletching
31:46 Ballistics
33:10 Wheelbarrow
33:05 Padded Archer Armor
35:04 Gold Shaft Mining
34:52 Horse Collar
35:28 Bodkin Arrow
36:21 Hand Cart
36:59 Bow Saw
41:10 Imperial Age
38:58 Leather Archer Armor
39:42 Thumb Ring
41:16 Elite Mangudai
42:23 Masonry
43:49 Town Watch
44:39 Conscription
45:51 Chemistry
45:43 Siege Engineers
45:47 Bracer
KillerKing
3:41 Loom
13:53 Feudal Age
14:46 Double-Bit Axe
16:00 Wheelbarrow
20:58 Town Watch
21:39 Forging
21:38 Scale Barding Armor
21:57 Horse Collar
26:04 Castle Age
24:06 Gold Mining
25:10 Bloodlines
25:18 Scale Mail Armor
27:48 Iron Casting
28:23 Husbandry
30:16 Heavy Plow
41:06 Chain Barding Armor
44:29 Imperial Age
44:34 Cavalier
46:03 Plate Barding Armor
46:34 Blast Furnace
48:04 Heavy Camel Rider
52:05 Fletching
Papa Gentil
9:58 Loom
11:46 Feudal Age
17:40 Castle Age
16:31 Double-Bit Axe
17:20 Gold Mining
22:25 Husbandry
23:19 Bow Saw
23:33 Horse Collar
24:22 Heavy Plow
25:15 Wheelbarrow
26:02 Bloodlines
27:56 Scale Barding Armor
28:57 Chain Barding Armor
28:46 Fletching
29:23 Town Watch
34:04 Hand Cart
40:46 Imperial Age
39:44 Bodkin Arrow
39:59 Forging
40:41 Heavy Camel Rider
42:10 Plate Barding Armor
45:52 Chemistry
44:28 Capped Ram
46:08 Siege Ram
48:26 Siege Ram
48:53 Pikeman
49:44 Scale Mail Armor
50:20 Iron Casting
50:01 Halberdier
51:31 Squires
51:18 Arson
52:05 Siege Ram
HELGE!!!!!!!!!!!
9:33 Loom
11:46 Feudal Age
12:32 Double-Bit Axe
22:30 Castle Age
20:59 Fletching
23:25 Bow Saw
23:18 Bodkin Arrow
23:24 Padded Archer Armor
26:01 Ballistics
27:01 Leather Archer Armor
30:09 Husbandry
38:26 Wheelbarrow
40:40 Imperial Age
38:58 Scale Barding Armor
39:03 Forging
39:49 Bloodlines
40:20 Chain Barding Armor
40:45 Cavalier
42:41 Chemistry
42:19 Iron Casting
47:30 Heavy Cavalry Archer
48:41 Parthian Tactics
47:42 Heavy Cavalry Archer
49:22 Bracer
Kaos1000
7:49 Loom
12:32 Loom
14:42 Feudal Age
15:17 Double-Bit Axe
23:03 Castle Age
21:55 Town Watch
23:28 Wheelbarrow
24:43 Squires
24:29 Arson
26:30 Scale Mail Armor
30:57 Tigui
34:41 Forging
36:48 Pikeman
44:02 Imperial Age
42:40 Stone Mining
42:42 Gold Mining
43:11 Masonry
43:29 Ballistics
43:19 Horse Collar
50:18 Architecture
50:43 Heavy Plow
50:54 Bow Saw
52:21 Farimba
52:42 Conscription
Kent-Agent
8:12 Loom
13:17 Feudal Age
14:02 Horse Collar
14:19 Double-Bit Axe
20:30 Castle Age
19:47 Scale Barding Armor
20:19 Gold Mining
21:08 Wheelbarrow
23:52 Stone Mining
26:00 Bow Saw
26:34 Forging
27:30 Heavy Plow
28:40 Stone Shaft Mining
33:16 Chain Barding Armor
34:38 Fletching
37:30 Imperial Age
35:52 Hand Cart
36:14 Bloodlines
36:41 Iron Casting
35:56 Town Watch
37:16 Bodkin Arrow
37:31 Cavalier
38:57 Plate Barding Armor
39:22 Blast Furnace
39:05 Conscription
42:43 Paladin
50:04 Crenellations
Connection lost

Rejoining the realm…

Still unreachable

The connection could not be restored.

Session expired

The server has moved on; the page needs a fresh start.